[Event "13th KIIT Festival-A 2022"]
[Site "Bhubaneswar"]
[Date "2022.05.27"]
[Round "8.1"]
[White "Amonatov, Farrukh"]
[Black "Savchenko, Boris"]
[Result "1-0"]
[ECO "B87"]
[WhiteElo "2622"]
[BlackElo "2524"]
[Annotator "TA"]
[PlyCount "143"]
[EventDate "2022.05.15"]
[EventType "swiss"]
[EventCountry "IND"]
[SourceTitle "playchess.com"]
[Source "ChessBase"]
[SourceQuality "1"]
[TimeControl "5400+30"]

1. e4 {[%emt 0:00:04] Bulletin} c5 2. Nf3 d6 3. d4 Nf6 4. Nc3 cxd4 5. Nxd4 a6 6. Bc4 e6 7. Bb3 b5 8. O-O b4 9. Na4 Nxe4 (9... Bd7 $11) 10. f4 {[%emt 0:01:04] B87: Sicilian Scheveningen/Najdorf: 6 Bc4, with early ...b5.} (10. Re1 $1 $16 Nf6 11. Qf3) 10... g6 (10... Nf6 $1 $11) 11. f5 gxf5 {[%emt 0:08:07] [#]} 12. Nxf5 {[%emt 0:02:31] White is better.} Rg8 {[%emt 0:30:14] [#]} (12... exf5 13. Qd5) 13. Bd5 $1 {[%emt 0:27:40][%mdl 512] White is more active.} Ra7 14. Bxe4 exf5 15. Bxf5 {[%emt 0:03:49] Strongly threatening Be3.} Re7 {[%emt 0:02:34] Inhibits Be3.} 16. Bxc8 Qxc8 17. Bf4 (17. Rf2 $14) 17... Qc6 $11 (17... Qb7 18. Rf2 Re6 19. c3 $16) 18. Qf3 Qxa4 19. Bxd6 Qc6 $1 20. Bxb8 {[%emt 0:02:45] Chess con chili.} Qb6+ 21. Kh1 Qxb8 {[%emt 0:00:05] [#]} 22. Rae1 $146 {[%emt 0:15:31][%mdl 128] White mounts an attack.} ({Predecessor:} 22. Qc6+ Rd7 23. Rae1+ Be7 24. Rxf7 Kxf7 25. Qe6+ Kf8 26. Qxd7 Qd6 27. Qb7 Rg6 28. c3 {0-1 (52) Fischer,R-Tal,M Bled/Zagreb/Belgrade 1959 Candidates [Bulletin]}) 22... Rg6 {[%emt 0:00:32] Against Qc6+} (22... Kd8 $11) 23. Qxf7+ $1 $16 Kd7 24. Rd1+ $1 Rd6 (24... Kc6 $16 25. Qxf8 Qxf8 26. Rxf8 Re2) 25. Rxd6+ $1 $18 (25. Qxf8 Qxf8 26. c4 Re2 $1 $19) 25... Kxd6 {[%emt 0:00:04] [#]} 26. Rf6+ Ke5 27. Rf5+ ({Only move:} 27. Qxf8 $18 Qxf8 28. Rxf8) 27... Kd6 $11 28. Rf6+ (28. Qd5+ $11 Kc7 29. Qc5+ Kd7 30. Qd5+ Kc7 31. Qc5+ Kd7 32. Qd5+ Kc7) 28... Ke5 $1 $18 29. Qxf8 ({But not} 29. Rf5+ $6 Kd6 30. Rf6+ $16 (30. Qd5+ Kc7 $11)) 29... Qxf8 30. Rxf8 {[%emt 0:00:11][%mdl 4096] Endgame KR-KR} Rd7 {[%emt 0:01:02] ( -> ...Rd1+)} 31. h3 Rd1+ 32. Kh2 Rb1 33. b3 Rb2 {[%emt 0:00:04] [#]} 34. Rb8 $1 Rxc2 35. Rxb4 Rxa2 $2 (35... Rc6 36. Rh4 Rc7) 36. Rh4 Rb2 37. b4 Kf5 38. Rxh7 Rxb4 39. Rh5+ Kg6 40. Ra5 Rb6 41. h4 Kf6 42. Kh3 Rb3+ 43. g3 Rb6 44. Ra3 Ke5 45. Kg4 (45. g4 $142 Kf6 46. Kg2) 45... Kf6 46. Ra5 $2 (46. Ra4 $18 {and the rest is easy. Threatening mate with h5.} Re6 47. h5) 46... Rb4+ $16 47. Kh3 $2 (47. Kf3 $16 Rb3+ 48. Kg2) 47... Rb6 $1 $18 {[%emt 0:00:02] Black is now going downhill.} 48. Ra4 Rc6 49. g4 Rc3+ 50. Kg2 Rc6 51. Kg3 a5 52. Rxa5 {[%emt 0:01:23] Intending h5 and mate.} Rc3+ 53. Kg2 Rc2+ 54. Kf3 {[%emt 0:00:08] g5+ would kill now.} Rc3+ 55. Kf2 Rc2+ 56. Ke3 Rc3+ 57. Kd4 Rg3 58. Rf5+ Kg7 59. Rf4 Kg6 60. Ke5 (60. g5 $142 Rg1 61. Rf6+ Kh7 62. Rh6+ Kg7 63. Ke4) 60... Re3+ 61. Re4 Rh3 62. g5 Kh5 63. Rf4 (63. Kf5 $142 Rf3+ 64. Ke6 Rf5 65. Ke7 (65. g6 Rf3 $11) 65... Kg6 66. Re6+ Kg7 67. Kd6 Kf7 68. Re5) 63... Ra3 64. Kf6 {[%emt 0:00:29] White mates.} Ra7 65. Rf5 Rb7 66. Re5 Rb8 67. Kf7 Ra8 68. Re8 Ra7+ 69. Re7 Ra8 70. g6 Kh6 71. g7 Kh7 72. h5 {[%emt 0:00:05] Weighted Error Value: White=0.41/Black=0.51} 1-0

[Event "13th KIIT Festival-A 2022"]
[Site "Bhubaneswar"]
[Date "2022.05.27"]
[Round "8.2"]
[White "Mirzoev, Azer"]
[Black "Aleksandrov, Aleksej"]
[Result "1/2-1/2"]
[WhiteElo "2476"]
[BlackElo "2492"]
[Annotator "TA"]
[PlyCount "19"]
[EventDate "2022.05.15"]
[EventType "swiss"]
[EventCountry "IND"]
[SourceTitle "playchess.com"]
[Source "ChessBase"]
[SourceQuality "1"]
[TimeControl "5400+30"]

1. d4 d5 2. c4 c6 3. Nc3 Nf6 4. Nf3 dxc4 5. a4 Bf5 6. Nh4 {[%emt 0:01:10] [#]} Bc8 $146 ({Predecessor:} 6... e6 7. Nxf5 exf5 8. e3 Bd6 9. Bxc4 O-O 10. Qc2 g6 11. O-O Na6 12. f3 Nb4 13. Qf2 c5 14. Nb5 Be7 15. Kh1 a6 16. Nc3 Qc7 17. dxc5 Bxc5 {0-1 (71) Kuzubov,Y (2639)-Jobava,B (2588) Bucharest 2022}) 7. Nf3 Bf5 8. Nh4 Bc8 9. Nf3 Bf5 10. Nh4 {10.Ne5 is the modern continuation.} 1/2-1/2

[Event "13th KIIT Festival-A 2022"]
[Site "Bhubaneswar"]
[Date "2022.05.27"]
[Round "8.3"]
[White "Nikitenko, Mihail"]
[Black "Paichadze, Luka"]
[Result "1-0"]
[ECO "B12"]
[WhiteElo "2479"]
[BlackElo "2567"]
[Annotator "TA"]
[PlyCount "47"]
[EventDate "2022.05.15"]
[EventType "swiss"]
[EventCountry "IND"]
[SourceTitle "playchess.com"]
[Source "ChessBase"]
[SourceQuality "1"]
[TimeControl "5400+30"]

1. e4 c6 2. d4 d5 3. e5 c5 4. dxc5 e6 5. Be3 Nd7 6. Nc3 {[%emt 0:05:23] B12: Caro-Kann: Advance Variation.} Ne7 7. Nf3 Nf5 {[%emt 0:03:53] [#]} 8. b4 $146 {[%emt 0:00:00] The position is equal.} ({Predecessor:} 8. Bf4 Nxc5 9. Qd2 Bd7 10. Be2 Rc8 11. g4 Ne7 12. Nd4 a6 13. O-O b5 14. a3 {½-½ (45) Krzyzanowski,M (2518)-Socko,B (2601) Warsaw 2020}) 8... a6 (8... Nxe3 $11 9. fxe3 a5) 9. a3 ({White should play} 9. Bg5 $14 Be7 10. Bd2) 9... b6 {[%emt 0:07:33] [#]} ({Better is} 9... Nxe3 $11 10. fxe3 g6) 10. Nxd5 $1 exd5 11. Qxd5 Nxe3 12. fxe3 Ra7 13. O-O-O $40 {[%emt 0:00:00][%mdl 128] Black must now prevent Bc4. Black needs to defend precisely.} (13. Bc4 $5 Nxc5 14. Qxd8+ (14. bxc5 Qxd5 15. Bxd5 Bxc5 $11) 14... Kxd8 15. bxc5 Bxc5 16. Nd4 $14) 13... bxc5 $2 (13... Be7 $1 $11 {and Black has nothing to worry.} 14. Bc4 O-O) 14. Bc4 $18 Qe7 {[%emt 0:00:26] [#] And now ...Rc7 would win.} 15. Qc6 {[%emt 0:00:00] Inhibits Rc7.} Kd8 (15... Bb7 {might work better.} 16. Qc7 Bd5 17. Qc8+ Qd8 18. Qxd8+ Kxd8 19. Rxd5 (19. Bxd5 cxb4 20. Bxf7 Kc7 $18) 19... Ke8) 16. e6 {[%emt 0:00:00][%mdl 64] Hoping for Qb6+. Pin} Rc7 17. Ne5 {[%emt 0:00:00] Really sharp!} fxe6 $2 (17... Qxe6 18. Bxe6 Rxc6) 18. Qb6 {[%emt 0:00:00] Threatening mate with Nc6+. White is clearly winning.} Ke8 19. Qxc7 {[%emt 0:00:00][%mdl 64] Trapped Piece} Nxe5 20. Qxc8+ Kf7 {[%emt 0:00:03] [#]} 21. Bxe6+ $1 Kg6 22. Rd5 Qf6 23. Qe8+ Kh6 {[%emt 0:00:06] [#]} 24. Bg4 $1 {[%emt 0:00:00] Weighted Error Value: White=0.45/Black=1.08} 1-0

[Event "13th KIIT Festival-A 2022"]
[Site "Bhubaneswar"]
[Date "2022.05.27"]
[Round "8.4"]
[White "Fedorov, Alexei"]
[Black "Arpita, Mukherjee"]
[Result "1/2-1/2"]
[ECO "B91"]
[WhiteElo "2529"]
[BlackElo "2275"]
[Annotator "TA"]
[PlyCount "70"]
[EventDate "2022.05.15"]
[EventType "swiss"]
[EventCountry "IND"]
[SourceTitle "playchess.com"]
[Source "ChessBase"]
[SourceQuality "1"]
[TimeControl "5400+30"]

1. e4 c5 2. Nf3 d6 3. d4 cxd4 4. Nxd4 Nf6 5. Nc3 a6 6. g3 e5 7. Nf3 {[%emt 0:00:00] B91: Sicilian Najdorf: 6 g3.} Be7 8. Nh4 O-O 9. Bg2 g6 10. a4 Be6 11. O-O Nbd7 {[%emt 0:02:07] [#]} 12. Qe2 $146 ({Predecessor:} 12. Bh6 Re8 13. h3 Rc8 14. Qd2 Kh8 15. Be3 Qa5 16. Rfb1 Rc6 17. Nf3 Bd8 18. Qe1 {1-0 (37) Delorme,A (2510)-Nowak,L (2311) Szczawno Zdroj 2018}) 12... Rc8 13. Rd1 Qc7 14. Nf3 Bc4 15. Qe1 b5 16. axb5 axb5 17. Nd2 ({Better is} 17. b4 $11) 17... Be6 $15 18. Nxb5 Qxc2 19. Nf1 Nc5 {[%emt 0:21:19] aiming for ...Nd3.} 20. Ne3 Qb3 21. Bf1 {[%emt 0:00:00] [#] Ra3 is the strong threat.} Ra8 ({Don't take} 21... Ncxe4 22. Ra3 Ng5 23. Kh1 $14) 22. Rxa8 Rxa8 23. Nc7 Rc8 24. Ncd5 Bxd5 25. exd5 Na4 (25... Bd8 $15) 26. Qe2 (26. Rd3 $5 Qb8 27. Ra3 $11) 26... Rc5 27. Ng2 (27. Rd3 $11 Qb4 28. Qd2 Qxd2 29. Bxd2) 27... Rxd5 (27... Nxd5 $17 28. Re1 Nab6) 28. Rxd5 Nxd5 29. Qb5 Nc5 30. Ne3 {[%emt 0:00:00] [#] Hoping for Qe8+.} Qxb5 31. Bxb5 Nxe3 32. Bxe3 d5 33. b4 d4 (33... Ne4 $15 {deserves consideration.} 34. Bc6 Nc3) 34. Bxd4 exd4 35. bxc5 Bxc5 {[%emt 0:00:02] Weighted Error Value: White=0.16 (very precise) /Black=0.12 (very precise)} 1/2-1/2

[Event "13th KIIT Festival-A 2022"]
[Site "Bhubaneswar"]
[Date "2022.05.27"]
[Round "8.5"]
[White "Rahman, Ziaur"]
[Black "Stupak, Kirill"]
[Result "0-1"]
[ECO "C02"]
[WhiteElo "2431"]
[BlackElo "2440"]
[Annotator "TA"]
[PlyCount "72"]
[EventDate "2022.05.15"]
[EventType "swiss"]
[EventCountry "IND"]
[SourceTitle "playchess.com"]
[Source "ChessBase"]
[SourceQuality "1"]
[TimeControl "5400+30"]

1. e4 e6 2. d4 d5 3. e5 c5 4. c3 Qb6 5. Nf3 Nc6 6. Bd3 Bd7 7. O-O {[%emt 0:00:50] 7.0-0 scores better than 7.dxc5.} (7. dxc5 $14 Bxc5 8. O-O) 7... cxd4 $11 {[%emt 0:00:18] C02: French: Advance Variation.} 8. Re1 Nge7 9. h4 Nf5 (9... a6 $15) 10. Bxf5 exf5 11. cxd4 h6 12. Nc3 Be6 13. Ne2 Be7 14. h5 O-O {[%emt 0:02:49] [#]} 15. Nf4 $146 ({Predecessor:} 15. Rb1 Rfc8 16. Nf4 a5 17. Kh1 Nb4 18. Nxe6 fxe6 19. Rg1 Qb5 20. g4 Qd3 21. Qxd3 Nxd3 22. gxf5 Nxf2+ {1-0 (74) Piorun,K (2640)-Vastrukhin,O (2376) Warsaw 2021}) 15... Rfc8 16. Re3 Nb4 {[%emt 0:14:10] aiming for ...Nc2.} 17. Bd2 {[%emt 0:05:12] [#] Hoping for Rb3.} a5 18. Bc3 a4 19. a3 Nc6 20. Nxe6 fxe6 21. Ne1 Na5 22. g4 Nb3 23. Rb1 Rf8 24. Ng2 Rac8 $36 {[%emt 0:11:19][%cal Ba8c8,Bc8c4,Bc4d4,Bd4e4][%mdl 2080] White is under pressure.} 25. Rd3 $1 f4 26. Rf3 (26. Ne1 $11) 26... Rc4 $1 $15 27. Rxf4 Rxf4 28. Nxf4 Nxd4 29. Ng6 Bc5 30. Bxd4 $2 {[%emt 0:05:15] [#] This costs White the game.} ({Better is} 30. Kg2 $1 $15) 30... Rxd4 $19 ({Stronger than} 30... Bxd4 31. Qf3 (31. Ne7+ $2 Kf7 $19) 31... Bc5 32. b4 axb3 33. Rxb3 $17) 31. Qe2 Re4 32. Qf3 Qb3 33. Kg2 (33. Qxb3 {is tougher.} axb3 34. Kf1) 33... Qc2 {[%emt 0:00:11] Active counter play! Black is clearly winning.} 34. Rf1 Qxb2 35. Qg3 Qe2 36. Nf4 Qc4 {[%emt 0:00:22] Weighted Error Value: White=0.47/Black=0.09 (flawless)} 0-1

[Event "13th KIIT Festival-A 2022"]
[Site "Bhubaneswar"]
[Date "2022.05.27"]
[Round "8.6"]
[White "Saravana, Krishnan P."]
[Black "Laxman, R.R."]
[Result "1/2-1/2"]
[ECO "B44"]
[WhiteElo "2269"]
[BlackElo "2420"]
[Annotator "TA"]
[PlyCount "102"]
[EventDate "2022.05.15"]
[EventType "swiss"]
[EventCountry "IND"]
[SourceTitle "playchess.com"]
[Source "ChessBase"]
[SourceQuality "1"]
[TimeControl "5400+30"]

1. c4 e6 2. e4 c5 3. Nf3 Nc6 4. d4 cxd4 5. Nxd4 Nf6 6. Nc3 Bb4 7. Nxc6 dxc6 8. Qxd8+ Kxd8 9. Bd2 {[%emt 0:10:58] 9.e5 is the hot move.} e5 10. f3 {[%emt 0:01:49] B44: Sicilian: Taimanov: 5 Nb5.} Be6 11. O-O-O Nd7 {[%emt 0:00:40] [#]} 12. g3 $146 ({Predecessor:} 12. Na4 Bxd2+ 13. Kxd2 Kc7 14. Be2 g5 15. h4 h6 16. Ke3 Nb6 17. Nxb6 Kxb6 18. Kd2 {0-1 (67) Bryakin,M (2459)-Atalik,S (2517) Novi Sad 2020}) 12... f6 13. Kc2 Be7 14. h4 h5 15. Bh3 (15. Be3 {seems wilder.} Kc7 16. f4 g6 17. Bh3) 15... Bxh3 16. Rxh3 Kc7 17. Be3 b6 18. Na4 Rad8 19. Rhh1 Bc5 20. Nxc5 Nxc5 21. b4 Ne6 {[%emt 0:00:02] The position is equal.} 22. f4 Nd4+ 23. Bxd4 Rxd4 24. Rxd4 exd4 $11 {[%emt 0:00:01][%mdl 4096] Endgame KR-KR} 25. Kd3 c5 26. Rb1 Kc6 27. bxc5 bxc5 28. a4 Rg8 29. a5 g5 30. hxg5 fxg5 31. f5 Kd6 32. f6 h4 33. f7 Rf8 34. gxh4 gxh4 35. Rb7 h3 {[%emt 0:05:57] [#] Threatens to win with ...h2.} 36. Rxa7 h2 37. Ra6+ Ke5 (37... Kc7 $5 38. Rh6 Rxf7 $11) 38. Rh6 Rxf7 {[%emt 0:00:02] aiming for ...Rf3+.} 39. Rh5+ Ke6 {[%emt 0:00:23] [#] ...Rf3+ is the strong threat.} 40. Rh6+ Rf6 41. Rxh2 {[%emt 0:00:07] And now Rh3 would win.} Rf3+ 42. Kd2 Rc3 43. Rh6+ Ke5 44. Rh5+ Kxe4 45. Rxc5 Ra3 46. Rh5 Ra2+ 47. Kc1 d3 48. Kb1 Ra4 49. Kb2 ({Don't play} 49. Kc1 Kd4 50. Kb2 Rb4+ 51. Ka3 (51. Kc1 Kc3 $19) 51... Rb1 $17) 49... Ke3 50. Re5+ $1 Kd4 (50... Kd2 $5 51. Kb3 Ra1 $11) 51. Rd5+ Kxc4 {[%emt 0:00:26] An even fight not without its subleties.  Weighted Error Value: White=0.03 (flawless) /Black=0.02 (flawless)} 1/2-1/2

[Event "13th KIIT Festival-A 2022"]
[Site "Bhubaneswar"]
[Date "2022.05.27"]
[Round "8.7"]
[White "Azaladze, Shota"]
[Black "Sangma, Rahul"]
[Result "1-0"]
[ECO "A07"]
[WhiteElo "2420"]
[BlackElo "2232"]
[Annotator "TA"]
[PlyCount "85"]
[EventDate "2022.05.15"]
[EventType "swiss"]
[EventCountry "IND"]
[SourceTitle "playchess.com"]
[Source "ChessBase"]
[SourceQuality "1"]
[TimeControl "5400+30"]

1. Nf3 d5 2. g3 Bg4 3. Bg2 c6 4. O-O Nd7 5. d3 Ngf6 6. Nbd2 e5 7. e4 dxe4 {[%emt 0:00:47] 7...dxe4 scores better than 7...Bd6.} 8. dxe4 Bc5 9. h3 Be6 {[%emt 0:01:16] A07: Réti Opening: New York and Capablanca Systems.} 10. Ng5 Qe7 {[%emt 0:00:03] [#]} 11. Qe2 $146 ({Predecessor:} 11. c3 a5 12. Nxe6 Qxe6 13. Qb3 O-O 14. a4 Qxb3 15. Nxb3 Bb6 16. Ra3 Rfd8 17. Rd1 {½-½ (28) Kurajica,B (2540)-Wirig,A (2422) Pula 2004}) 11... O-O {[%emt 0:00:38] White has an edge.} 12. Nxe6 Qxe6 13. Kh2 a5 14. f4 (14. Nb3 $142) 14... exf4 15. gxf4 Nd5 16. Nf3 f5 17. Ng5 Qe7 {[%emt 0:02:35] [#] ...h6 is the strong threat.} (17... Qe8 18. Qd3 fxe4 19. Bxe4 $16) 18. e5 (18. Qh5 N7f6 19. Qh4 fxe4 20. Nxe4 Rae8 21. Nxc5 Qxc5 $17) (18. Qd3 $14 N5b6 19. Bd2 (19. exf5 Bd6 $14)) 18... Nc7 19. Bd2 Ne6 (19... h6 $11 20. Nf3 Ne6) 20. Qc4 $36 {[%emt 0:03:12][%mdl 2048] White fights for an advantage.} Rfe8 21. h4 ({Better is} 21. Nxe6 $14 Qxe6 22. Qxe6+ Rxe6 23. Rad1) 21... h6 $2 (21... Ndf8 $1 $15 {keeps the upper hand.}) 22. Qxe6+ $16 {[%emt 0:00:26] Black is on the road to losing.} Qxe6 23. Nxe6 Rxe6 {[%emt 0:00:02] [#]} 24. Bh3 $1 g6 25. h5 $1 a4 (25... Nb6 $16 26. hxg6 Rf8) 26. hxg6 Rf8 27. b4 axb3 28. axb3 Rxg6 29. b4 Bb6 30. Rad1 Rf7 31. c4 Nf8 32. c5 Bd8 33. Be3 Ne6 (33... Bh4 {is a better defense.} 34. Rg1 Kg7 35. Rxg6+ Nxg6) 34. Rg1 $18 Rxg1 35. Rxg1+ ({Don't do} 35. Bxg1 $6 Bh4 $16) 35... Kh7 36. Rd1 Bc7 {[%emt 0:01:30] Against Rd6} 37. Kg2 Ng7 (37... h5 {was called for.} 38. Kf3 Nf8) 38. Kf3 Kg8 {[%emt 0:03:05] White is clearly winning.} 39. Bf1 (39. Rg1 Bd8 40. Bf1 Kh7 $18) 39... Kf8 40. Bc4 Re7 41. Rg1 {[%emt 0:00:48] And now Rg6 would win.} Rd7 (41... Ke8 $142 42. Rg6 Kd7 43. Rxh6 Ne6) 42. Rg6 h5 43. Rh6 {[%emt 0:02:26] Weighted Error Value: White=0.16 (very precise) /Black=0.30} 1-0

[Event "13th KIIT Festival-A 2022"]
[Site "Bhubaneswar"]
[Date "2022.05.27"]
[Round "8.8"]
[White "Nitin, S.."]
[Black "Kiran, Manisha Mohanty"]
[Result "1-0"]
[ECO "B51"]
[WhiteElo "2399"]
[BlackElo "2098"]
[Annotator "TA"]
[PlyCount "43"]
[EventDate "2022.05.15"]
[EventType "swiss"]
[EventCountry "IND"]
[SourceTitle "playchess.com"]
[Source "ChessBase"]
[SourceQuality "1"]
[TimeControl "5400+30"]

1. e4 c5 2. Nf3 d6 3. Bb5+ Nd7 4. d4 Ngf6 5. e5 {[%emt 0:00:35] [#]} Qa5+ ({Better is} 5... cxd4 $1 $11 6. Qxd4 (6. exf6 Qa5+ 7. Qd2 Qxb5 $15) 6... dxe5 7. Qxe5 (7. Nxe5 a6 $11) 7... a6 8. Bxd7+ Bxd7) 6. Nc3 $14 {[%emt 0:00:11] B51: Sicilian: Moscow Variation (3 Bb5+) without 3...Bd7.} cxd4 (6... Ne4 $14) 7. Qxd4 $16 (7. exf6 $2 dxc3 8. Bxd7+ Bxd7 $19) 7... dxe5 {[%emt 0:04:56] [#]} 8. Qxe5 $146 {[%emt 0:06:24] Threatens to win with Bxd7+. White is clearly better.} ({Much less strong is} 8. Nxe5 a6 9. Bxd7+ (9. b4 Qd8 $14) 9... Bxd7 $16) ({Predecessor:} 8. Nxe5 a6 9. Nc4 Qd8 10. Bf4 axb5 11. Nxb5 e5 12. Bxe5 Bb4+ 13. c3 O-O 14. Bxf6 Nxf6 15. Qxd8 Rxd8 16. cxb4 {½-½ (56) Daeschler,F (2205)-Schuh,H (2292) Baden 2018}) 8... Qd8 9. Bg5 {[%emt 0:06:02] 0-0-0 is the strong threat. White is much more active.} a6 10. Bxd7+ Nxd7 (10... Qxd7 $16 {was necessary.} 11. O-O Qe6) 11. Qg3 $18 f6 {[%emt 0:02:00] [#]} 12. O-O-O $1 Qa5 (12... Kf7 13. Rhe1) 13. Bf4 {[%emt 0:09:22][%cal Bg5f4,Bf4d6,Bd6e7][%mdl 32] Black must now prevent Rhe1.} e6 (13... e5 $2 14. Rhe1 Kf7 {[#]} 15. Bxe5 $1 Nxe5 16. Nxe5+ Kg8 17. Nf3 $18) 14. Rd2 Kf7 15. Rhd1 Be7 (15... Nb6 $142 16. Bc7 (16. Rd8 Nc4 $18) 16... Be7) 16. Rxd7 Bxd7 17. Rxd7 Rhe8 18. Bd6 {[%emt 0:02:09] Hoping for Bxe7.} g6 (18... Qh5 $142 19. Rxb7 Qh6+ 20. Bf4 Qg6) 19. Qh4 h5 {[%emt 0:00:41] [#]} 20. Ne5+ $1 fxe5 (20... Qxe5 21. Bxe5) 21. Bxe7 Kg8 22. Qf6 {[%emt 0:00:26] Black did not feel at home in the position after the opening.  Weighted Error Value: White=0.14 (very precise) /Black=1.03} 1-0

[Event "13th KIIT Festival-A 2022"]
[Site "Bhubaneswar"]
[Date "2022.05.27"]
[Round "8.9"]
[White "Alekhya Mukhopadhyay"]
[Black "Audi Ameya"]
[Result "0-1"]
[ECO "B12"]
[WhiteElo "2162"]
[BlackElo "2389"]
[Annotator "TA"]
[PlyCount "106"]
[EventDate "2022.05.15"]
[EventType "swiss"]
[EventCountry "IND"]
[SourceTitle "playchess.com"]
[Source "ChessBase"]
[SourceQuality "1"]
[TimeControl "5400+30"]

1. e4 c6 2. d4 d5 3. f3 Qb6 4. Nc3 e6 5. Nge2 Nd7 6. Rb1 {[%emt 0:04:29] [#] B12: Caro-Kann: Advance Variation.} dxe4 $146 ({Predecessor:} 6... Ne7 7. Be3 Ng6 8. a3 Be7 9. Ng3 O-O 10. Be2 f5 11. exf5 exf5 12. f4 Nf6 {0-1 (34) Strepikowski,P (1676)-Topola,R (1754) Szklarska Poreba 2020}) 7. fxe4 e5 8. Be3 {[%emt 0:02:08] Black is slightly better.} Ngf6 9. Ng3 ({Better is} 9. Qd2 $15 Qd8 10. Rd1) 9... exd4 $17 10. Bxd4 {[%emt 0:02:05] [#]} Bc5 11. Nf5 Bxd4 (11... O-O $17 {And now ...Re8 would win.} 12. Qd2 Bxd4 13. Qxd4 Qxd4 14. Nxd4 Nc5) 12. Qxd4 $15 Qxd4 (12... O-O {is interesting.} 13. Be2 Qxd4 14. Nxd4 Re8) 13. Nxd4 O-O 14. Be2 Re8 15. Bf3 $1 Ne5 16. O-O g6 17. Rfe1 Kg7 18. a4 a5 19. Rbd1 h5 20. Be2 Be6 21. Nf3 Nfd7 22. Rd6 Re7 23. Red1 Rae8 24. Ng5 Nc5 25. Rd8 Bd7 26. Rxe8 Rxe8 27. h3 Kf6 28. Nf3 Nxf3+ 29. Bxf3 Ke5 30. Kf2 Be6 31. b3 Rb8 32. Ke3 b5 33. Rd4 b4 34. Nb1 Nd7 35. Nd2 c5 36. Nc4+ Kf6 $1 ({Don't play} 36... Bxc4 37. Rxd7 Be6 38. Ra7 $16) 37. Rd1 Ne5 $1 38. Nxa5 c4 (38... Ra8 $11 39. Nb7 c4) 39. Nxc4 $16 Bxc4 40. bxc4 Nxc4+ {[%emt 0:00:06][%mdl 4096] Endgame KRB-KRN} 41. Kd4 Rc8 42. e5+ Ke7 {[%emt 0:01:26] [#]} (42... Nxe5 $142 43. Bd5 Nc6+ 44. Kc5 Ne7+ 45. Kxb4 Nxd5+ 46. Rxd5 Rxc2) 43. Bd5 ({White should play} 43. Rb1 $1 $16 Na3 44. Rb3) 43... Nb6 $14 44. Bf3 (44. c4 $14) 44... Rc4+ 45. Kd3 Rc3+ 46. Kd2 Nc4+ 47. Ke2 (47. Ke1 $1 $11) 47... Rxc2+ $17 48. Kd3 $2 {[%emt 0:00:16] This move loses the game for White.} (48. Ke1 $17 {was the only defense.}) 48... b3 $19 49. Re1 Nb2+ 50. Kd4 Nxa4 {[%emt 0:00:03] ...b2 is the strong threat.} 51. Bd5 $2 (51. Be4 Rc7 52. Re3) 51... Rd2+ {[%emt 0:01:03] Black is clearly winning.} 52. Kc4 Nb6+ 53. Kxb3 Nxd5 {[%emt 0:00:03] Weighted Error Value: White=0.29 (precise) /Black=0.09 (flawless)} 0-1

[Event "13th KIIT Festival-A 2022"]
[Site "Bhubaneswar"]
[Date "2022.05.27"]
[Round "8.10"]
[White "Praloy Sahoo"]
[Black "Karthikeyan, P.."]
[Result "0-1"]
[ECO "C45"]
[WhiteElo "2065"]
[BlackElo "2361"]
[Annotator "TA"]
[PlyCount "78"]
[EventDate "2022.05.15"]
[EventType "swiss"]
[EventCountry "IND"]
[SourceTitle "playchess.com"]
[Source "ChessBase"]
[SourceQuality "1"]
[TimeControl "5400+30"]

1. e4 e5 2. Nf3 Nc6 3. d4 exd4 4. Nxd4 Qf6 5. Nxc6 Bc5 6. Qf3 bxc6 7. Nd2 {[%emt 0:07:22] C45: Scotch Game.} d6 8. Nb3 Qxf3 9. gxf3 {[%emt 0:00:02] The position is equal.} Bb6 10. a4 {[%emt 0:05:31] [#] Strongly threatening a5.} a5 11. Be3 Bxe3 12. fxe3 c5 13. Bb5+ {[%emt 0:00:58] [#]} Ke7 $146 ({Predecessor:} 13... Bd7 14. e5 Ne7 15. Kf2 Bxb5 16. axb5 a4 17. exd6 cxd6 18. c4 Nc8 19. e4 Nb6 {1-0 (55) Mokshanov,A (2440)-Baigildin,A (2192) Izhevsk 2014}) 14. Rg1 g6 15. e5 Be6 16. Nc1 dxe5 17. Nd3 c6 $1 18. Bxc6 Rc8 19. Nxe5 {[%emt 0:06:21] Black must now prevent Bb5.} f6 20. Bb7 fxe5 21. Bxc8 Bxc8 22. Rg5 Kf6 23. f4 Bf5 24. O-O-O exf4 25. exf4 Nh6 26. Rd6+ Ke7 $1 27. Ra6 Ng4 $1 28. Rxa5 h6 (28... Kd6 $5 ) 29. Ra7+ Ke6 30. Ra6+ Kd5 31. Rxg4 Bxg4 32. Rxg6 $11 {[%emt 0:00:02][%mdl 4096] Endgame KRB-KR} Bf5 33. Rf6 Be4 {[%emt 0:02:38] And now ...Rg8 would win.} 34. b3 Rg8 {[%emt 0:06:05] Threatens to win with ...Rg2.} 35. Rxh6 Rg2 36. Rh5+ (36. Kb2 $1 $15) 36... Kd4 $19 37. c3+ {[%emt 0:00:51] [#]} Ke3 $1 {[%emt 0:00:13] aiming for ...Rc2+. Black is more active.} 38. Rxc5 $2 (38. h4 $17) 38... Rc2+ 39. Kb1 Rxc3+ $1 {[%emt 0:00:11][%mdl 64] Discovered Attack.  Weighted Error Value: White=0.42/Black=0.03 (flawless)} 0-1